 Dungeon Crawl Stone Soup version 0.28.0-53-g5a82cb258f (webtiles) character file.

Game seed: 18254139695238254243

1281 PentaManta the Martial Artist (level 8, -6/54 HPs)
             Began as a Merfolk Transmuter on June 6, 2022.
             Was a Follower of Makhleb.
             Mangled by a vampire mosquito (7 damage)
             ... on level 7 of the Dungeon.
             The game lasted 00:13:24 (7721 turns).

PentaManta the Martial Artist (Merfolk Transmuter)  Turns: 7721, Time: 00:13:24

Health: -6/54      AC:  4    Str: 10    XL:     8   Next: 54%
Magic:  9/11       EV: 14    Int: 14    God:    Makhleb [*.....]
Gold:   210        SH:  5    Dex: 15    Spells: 5/11 levels left

rFire   . . .      SeeInvis .     - Unarmed
rCold   . . .      Faith    .   (no shield)
rNeg    . . .      Spirit   .   a - +0 robe
rPois   +          Reflect  +   (no helmet)
rElec   .          Harm     .   (no cloak)
rCorr   .          Rampage  .   s - +1 pair of gloves
Will    .....                   (no boots)
Stlth   +.........              y - amulet of reflection
HPRegen 0.18/turn               t - ring of poison resistance
MPRegen 0.12/turn               (no ring)

@: brilliant
A: (nimble swimmer 2), mertail
a: Renounce Religion


You were on level 7 of the Dungeon.
You worshipped Makhleb.
Makhleb was aware of your devotion.
You visited 1 branch of the dungeon, and saw 7 of its levels.

You collected 210 gold pieces.

Inventory:

Hand Weapons
 h - a +0 hunting sling
 w - a +4 spear
Missiles
 i - 158 stones
 k - 5 curare-tipped darts
 v - 2 poisoned darts
 x - a throwing net
Armour
 a - a +0 robe (worn)
 j - a +0 pair of gloves
 s - a +1 pair of gloves (worn)
Jewellery
 r - an amulet of the acrobat
 t - a ring of poison resistance (left hand)
 y - an amulet of reflection (around neck)
Scrolls
 d - a scroll of vulnerability {unknown}
 e - 2 scrolls of fear {unknown}
 f - 3 scrolls of amnesia {unknown}
 g - a scroll of identify {unknown}
 l - a scroll of immolation {unknown}
 n - a scroll of enchant weapon {unknown}
 p - 2 scrolls of enchant armour {unknown}
Potions
 b - a potion of magic {unknown}
 c - a potion of ambrosia {unknown}
 m - a potion of curing
 o - 3 potions of brilliance
 q - a potion of resistance {unknown}
 u - a potion of degeneration {unknown}


   Skills:
 - Level 1.1 Fighting
 + Level 5.0 Dodging
 * Level 9.0 Unarmed Combat
 - Level 2.0 Spellcasting
 - Level 8.0 Transmutations


You had 5 spell levels left.
You knew the following spells:

 Your Spells              Type           Power      Damage    Failure   Level
a - Beastly Appendage     Tmut           70%        N/A       1%          1
b - Spider Form           Tmut/Pois      18%        N/A       14%         3
c - Wereblood             Tmut           35%        N/A       1%          2

Your spell library contained the following spells:

 Spells                   Type           Power      Damage    Failure   Level
 Blade Hands              Tmut           17%        N/A       24%         5
 Scorch                   Fire           4%         2d5       34%         2
 Static Discharge         Conj/Air       2%         N/A       34%         2
 Ice Form                 Ice/Tmut       18%        N/A       41%         4
 Call Canine Familiar     Summ           2%         N/A       56%         3
 Portal Projectile        Hex/Tloc       4%         N/A       56%         3
 Dispel Undead            Necr           2%         3d7       93%         4
 Flame Wave               Conj/Fire      2%         2d4       93%         4
 Leda's Liquefaction      Hex/Erth       1%         N/A       93%         4
 Sticky Flame             Conj/Fire      2%         2d3       93%         4
 Excruciating Wounds      Necr           1%         N/A       100%        5
 Summon Cactus Giant      Summ           1%         N/A       100%        6


Dungeon Overview and Level Annotations

Branches:
Dungeon (7/15)
 Temple: D:4-7

Altars:
Makhleb
Okawaru
Ru
Sif Muna
Vehumet


Innate Abilities, Weirdness & Mutations

((You are very nimble when in or above water. (Stealth+, EV+, Speed+++)))
Your lower body shifts to a powerful aquatic tail in water.


Message History

The vampire mosquito bites you but does no damage.
Something hits you. Something shocks you. The vampire mosquito bites you!
The vampire mosquito draws strength from your injuries!
The vampire mosquito bites you!
The vampire mosquito draws strength from your injuries!
The vampire mosquito bites you!
* * * LOW HITPOINT WARNING * * *
The vampire mosquito draws strength from your injuries!
Something hits you.
* * * LOW HITPOINT WARNING * * *
Something shocks you.
* * * LOW HITPOINT WARNING * * *
There is an open door, spattered with blood here.
You are too injured to fight recklessly!
It was a potion of brilliance.
You feel clever all of a sudden. The vampire mosquito bites you.
* * * LOW HITPOINT WARNING * * *
The vampire mosquito draws strength from your injuries!
The vampire mosquito completely misses you.
Something barely misses you.
Unknown command.
You are too injured to fight recklessly!
Casting: Spider Form (dangerous; 14% risk of failure)
Confirm with . or Enter, or press ? or * to list all spells.
Okay, then.
Press: ? - help, v - describe, . - travel
Here: a vampire mosquito The floor, spattered with blood.
It was a potion of curing.
You feel better. The vampire mosquito bites you!
* * * LOW HITPOINT WARNING * * *
The vampire mosquito draws strength from your injuries!
The vampire mosquito bites you!
You die...

....... ....... .......
.......###########+###
.....................#
...........)...[.....#
.....................#
#########..............#
#.......@y.............#
#.......#.<............#
........#..............#
######+##..............#
#########+####.# .# #


You could see a vampire mosquito.

Vanquished Creatures
  An ogre (D:5)
  A necrophage (D:5)
  A centaur (D:5)
  A bullfrog (D:4)
  A wyvern zombie (D:5)
  4 scorpions
  A crimson imp (D:4)
  A hound (D:5)
  A gnoll shaman (D:5)
  2 orc priests (D:4)
  A centaur skeleton (D:5)
  4 iguanas
  3 orc wizards
  12 gnolls
  A howler monkey skeleton (D:5)
  7 adders
  An adder skeleton (D:4)
  7 worms
  A dart slug (D:4)
  4 orcs
  5 ball pythons
  A bat (D:1)
  10 endoplasms
  5 giant cockroaches
  11 goblins
  10 hobgoblins
  3 jackals (D:4)
  8 kobolds
  2 quokkas
  3 frilled lizards
  10 rats
123 creatures vanquished.

Notes
Turn   | Place    | Note
-------+----------+-------------------------------------------
     0 | D:1      | PentaManta the Merfolk Transmuter began the quest for the
                  | Orb.
     0 | D:1      | Reached XP level 1. HP: 15/15 MP: 3/3
   343 | D:1      | Reached XP level 2. HP: 21/21 MP: 1/5
   903 | D:1      | Reached XP level 3. HP: 26/26 MP: 4/6
  1375 | D:2      | Reached skill level 5 in Transmutations
  1381 | D:2      | Learned a level 3 spell: Spider Form
  1581 | D:2      | Found an iron altar of Okawaru.
  1957 | D:2      | Reached XP level 4. HP: 27/32 MP: 5/7
  2951 | D:3      | Learned a level 2 spell: Wereblood
  3076 | D:3      | Noticed a scorpion
  3080 | D:3      | Killed a scorpion
  3081 | D:3      | Reached XP level 5. HP: 37/37 MP: 4/8
  3952 | D:4      | Found an iron altar of Okawaru.
  3981 | D:4      | Found a shimmering blue altar of Sif Muna.
  4173 | D:4      | Reached XP level 6. HP: 43/43 MP: 6/9
  4391 | D:4      | Reached skill level 4 in Unarmed Combat
  4795 | D:4      | Reached skill level 5 in Unarmed Combat
  4950 | D:4      | Found a burning altar of Makhleb.
  4952 | D:4      | Found a radiant altar of Vehumet.
  4956 | D:4      | Reached XP level 7. HP: 42/48 MP: 6/10
  4963 | D:4      | Became a worshipper of Makhleb the Destroyer
  5101 | D:5      | Entered Level 5 of the Dungeon
  5205 | D:5      | Reached skill level 6 in Unarmed Combat
  6035 | D:5      | Found a sacrificial altar of Ru.
  6080 | D:5      | Reached skill level 7 in Unarmed Combat
  6485 | D:5      | Reached skill level 8 in Unarmed Combat
  6485 | D:5      | Reached XP level 8. HP: 54/54 MP: 7/11
  6749 | D:5      | Reached * piety under Makhleb
  7455 | D:6      | Noticed a boulder beetle
  7460 | D:6      | Reached skill level 5 in Dodging
  7460 | D:6      | Reached skill level 9 in Unarmed Combat
  7461 | D:6      | Noticed a kobold demonologist
  7720 | D:7      | HP: 1/54 [vampire mosquito (2)]
  7721 | D:7      | Mangled by a vampire mosquito

Illustrated notes

Levels and vault maps discovered:
D:1:      saegor_arrival_simple_e, layout_rooms, minmay_misc_feat_plants
D:2:      cheibrodos_greedy_goblins, layout_basic, basic_altar,
          kennysheep_generic_room_5
D:3:      layout_basic, minmay_misc_feat_secret_circle
D:4:      layout_cave_pools, grunt_temple_overflow_lords_of_destruction,
          grunt_temple_overflow_open, minmay_misc_feat_room,
          kennysheep_generic_room_3
D:5:      layout_basic, mainiacjoe_overflow_tiny_flanked
D:6:      cheibrodos_fzero, layout_basic, minmay_temple_entry_statues_pillars,
          nicolae_concentric_dashed_squares_mild
D:7:      layout_gridville, hex_large, minmay_fountain_box,
          nicolae_zen_rock_garden, grunt_decor_fettered, grunt_ministairs_1,
          uniq_pikel, uniq_joseph

Skill      XL: |  1  2  3  4  5  6  7  8 |
---------------+-------------------------+-----
Transmutations | 3 4 5 7 8 |  8.0
Unarmed Combat | 5 8 9 |  9.0
Dodging        | 3 5 |  5.0
Fighting       | |  1.1
Spellcasting   | |  2.0

Action                   |  1- 3 |  4- 6 |  7- 9 || total
-------------------------+-------+-------+-------++-------
Melee: Unarmed           |   122 |   180 |   121 ||   423
       Headbutt          |    17 |    33 |       ||    50
       Punch             |     1 |     2 |       ||     3
 Cast: Beastly Appendage |    30 |    26 |       ||    56
       Spider Form       |       |    10 |    24 ||    34
  Use: Potion            |       |       |     2 ||     2
 Stab: Sleeping          |     1 |     4 |     2 ||     7
Armor: Robe              |    18 |    10 |     2 ||    30
       Skin              |       |     3 |     4 ||     7
Dodge: Dodged            |    66 |    91 |   115 ||   272
Block: Other             |       |       |     4 ||     4
